Map: Prion Terraces

Players

Havock

  • Race: Terran Terran
  • League: Diamond

LilDicky - Winner!

  • Race: Terran Terran
  • League: Diamond

VOD

http://www.twitch.tv/tumescentpie

Description

Time

  • Played on: Nov. 23, 2015, 3:27 p.m.
  • Length: 11:01
Show
View Real Time Build Order
Export as new Build Order

Havock Terran 

Build Orders: MMM Bio 

Get SALT Encoding   

  12  0:01  SCV  
  13  0:14  SCV  
  14  0:19  Supply Depot  
  14  0:26  Refinery  
  14  0:28  SCV  
  15  0:40  SCV  
  16  0:46  Barracks  
  16  0:52  SCV  
  17  1:04  SCV  
  18  1:16  SCV  
  20  1:35  Reaper  
  20  1:39  Refinery  
  20  1:40  Orbital Command  
  20  1:43  Supply Depot  
  20  1:57  Factory  
  20  2:08  SCV  
  21  2:19  Reaper  
  21  2:20  SCV, Supply Depot  
  23  2:32  SCV  
  23  2:44  SCV  
  24  2:51  Marine  
  24  2:56  SCV  
  25  3:12  Hellion  
  27  3:13  SCV  
  27  3:17  Starport  
  28  3:26  SCV, Barracks Tech Lab  
  29  3:34  Command Center  
  29  3:35  Engineering Bay  
  29  3:38  SCV  
  30  3:43  Supply Depot  
  30  3:50  SCV  
  31  4:04  SCV  
  31  4:16  SCV  
  32  4:29  SCV  
  32  4:30  Factory Tech Lab  
  30  4:32  Barracks Reactor  
  30  4:37  Missile Turret  
  30  4:39  Banshee  
  30  4:41  Barracks  
  30  4:43  SCV  
  34  4:46  Barracks  
  34  4:47  Orbital Command  
  34  4:51  Missile Turret  
  34  4:55  SCV  
  34  4:58  Siege Tank  
  37  5:07  SCV  
  37  5:19  SCV  
  37  5:20  Marine  
  37  5:21  Marine  
  39  5:31  SCV  
  39  5:32  Barracks Tech Lab, Missile Turret  
  39  5:34  Marine  
  41  5:37  Viking  
  41  5:38  Marine x2  
  45  5:45  SCV  
  45  5:59  Stimpack  
  45  6:07  Viking  
  46  6:16  SCV  
  44  6:35  SCV  
  43  7:05  Starport Reactor  
  41  7:10  Supply Depot  
  41  7:13  SCV, Marine x2  
  41  7:14  Marine x2  
  46  7:16  Command Center  
  46  7:25  SCV  
  40  7:31  Siege Tank, Marine x2  
  40  7:32  Marine x2  
  40  7:33  Supply Depot  
  44  7:48  Marine x2  
  44  7:50  Marine x2  
  47  7:52  SCV  
  47  7:56  Medivac x2  
  51  7:59  Combat Shields  
  51  8:05  SCV  
  51  8:06  Marine x2  
  51  8:08  Marine x2  
  49  8:24  Marine x2  
  49  8:26  Marine x2  
  36  8:42  Marine x2  
  36  8:43  Marine  
  36  8:44  Marine  
  36  8:47  Siege Tank  
  40  8:55  SCV  
  41  9:00  Marine x2  
  41  9:01  Marine x2  
  45  9:06  Medivac  
  45  9:07  SCV  
  48  9:17  Marine x2  
  48  9:19  SCV, Siege Tank, Marine  
  37  9:58  Viking  
  40  10:05  Marine x2  
  42  10:13  Viking  
Show
View Real Time Build Order
Export as new Build Order

LilDicky Terran - Winner!

Build Orders: Banshee Rush 

Get SALT Encoding   

  12  0:04  SCV  
  13  0:16  SCV  
  13  0:19  Supply Depot  
  15  0:28  SCV  
  15  0:29  Refinery  
  15  0:41  SCV  
  16  0:46  Barracks  
  16  0:53  SCV  
  17  1:05  SCV  
  17  1:10  Refinery  
  18  1:17  SCV  
  19  1:29  SCV  
  20  1:33  Reaper  
  20  1:34  Supply Depot  
  21  1:42  Orbital Command  
  21  1:53  Factory  
  21  2:07  SCV  
  21  2:08  Marine  
  23  2:20  SCV, Supply Depot  
  24  2:26  Marine  
  25  2:32  SCV  
  26  2:43  Factory Tech Lab  
  25  2:45  Marine  
  26  3:00  Starport  
  26  3:06  Marine  
  26  3:10  SCV  
  30  3:25  Marine  
  28  3:27  SCV  
  28  3:29  Widow Mine  
  28  3:31  Supply Depot  
  31  3:36  Command Center, Engineering Bay  
  31  3:42  Cloaking Field  
  31  3:43  Banshee  
  31  3:46  SCV, Marine  
  36  3:58  SCV  
  36  4:08  Marine  
  31  4:27  SCV  
  31  4:28  Banshee, Widow Mine  
  36  4:37  Supply Depot  
  36  4:39  SCV  
  36  4:40  Marine  
  38  4:59  SCV  
  39  5:12  SCV  
  39  5:13  Marine  
  41  5:22  Factory Tech Lab  
  41  5:24  SCV  
  41  5:26  Refinery, Orbital Command  
  41  5:27  Refinery  
  42  5:31  Marine  
  43  5:37  SCV  
  43  5:42  Siege Tank  
  47  5:47  Missile Turret  
  44  5:53  Marine  
  45  5:58  SCV  
  46  6:07  SCV  
  44  6:11  Marine  
  44  6:15  SCV  
  44  6:18  Siege Tank  
  49  6:26  Command Center  
  49  6:29  Marine  
  51  6:40  SCV x2  
  52  6:47  Marine  
  49  7:09  Starport  
  49  7:10  Starport, Starport Reactor  
  49  7:12  SCV  
  49  7:13  SCV  
  49  7:14  Factory  
  51  7:24  SCV  
  51  7:25  SCV  
  50  7:36  SCV  
  51  7:37  SCV  
  53  7:45  Missile Turret  
  53  7:47  Orbital Command  
  53  7:48  SCV  
  53  7:49  SCV  
  54  7:53  Marine  
  53  8:00  SCV  
  53  8:01  SCV  
  53  8:05  Starport Tech Lab x2  
  55  8:11  Marine  
  55  8:12  SCV  
  57  8:13  SCV  
  57  8:14  Siege Tank  
  57  8:17  Siege Tank  
  65  8:20  SCV  
  65  8:21  Missile Turret  
  65  8:24  SCV  
  65  8:26  SCV  
  67  8:29  Marine  
  67  8:30  Command Center  
  67  8:32  SCV, Refinery  
  67  8:33  Refinery  
  69  8:36  Banshee x2, SCV  
  69  8:38  SCV  
  74  8:44  SCV  
  74  8:46  Siege Tank, Marine  
  74  8:47  Viking  
  74  8:48  SCV, Viking  
  83  8:50  SCV  
  85  9:03  SCV x3, Siege Tank  
  85  9:05  Hi-Sec Auto Tracking  
  91  9:10  Supply Depot  
  91  9:11  Supply Depot  
  91  9:15  SCV x2  
  93  9:18  Siege Tank  
  93  9:20  SCV  
  97  9:31  Missile Turret  
  97  9:35  Siege Tank  
  92  9:40  SCV x2  
  92  9:44  Banshee x2, Viking  
  102  9:49  Sensor Tower  
  102  9:54  Command Center  
  102  9:55  Siege Tank  
  105  10:08  Viking  
  107  10:14  Viking  
  107  10:17  Siege Tank  
  112  10:24  SCV x2  
  112  10:27  Viking, Siege Tank  
  119  10:29  SCV  
  120  10:36  SCV  
  120  10:39  Command Center  
  120  10:42  Command Center  
  121  10:44  SCV  
  121  10:45  SCV  
Tags
 
Add a new tag
Caveats
  • Supply blocks, unpowered buildings, or Contaminate may cause inaccurate times.
  • Supply counts are checked every 10 seconds.